 Dungeon Crawl Stone Soup version 0.30.1-11-g7821555f0a (webtiles) character file.

Game seed: 15410921604759042660

41624 Kagerus the Impaler (level 14, -5/181 HPs)
             Began as a Merfolk Gladiator on Oct 29, 2023.
             Was a High Priest of Wu Jian.
             Slain by a death yak (14 damage)
             ... on level 5 of the Lair of Beasts.
             The game lasted 01:29:12 (21251 turns).

Kagerus the Impaler (Merfolk Gladiator)            Turns: 21251, Time: 01:29:12

Health: -5/181     AC: 27    Str: 14    XL:     14   Next: 16%
Magic:  17/17      EV:  2    Int:  9    God:    Wu Jian [*****.]
Gold:   1181       SH: 12    Dex: 19    Spells: 8/17 levels left

rFire   . . .        L - +4 trident (heavy)
rCold   . . .        M - +1 buckler
rNeg    . . .        a - melded +0 steam dragon scales
rPois   +            j - melded +2 helmet
rElec   .            B - melded +1 cloak
rCorr   .            u - melded +2 pair of gloves "Niefrot" {rElec Will+}
SInv    .            U - melded +2 pair of boots
Will    +....        X - amulet of reflection
Stlth   ++           c - +5 ring of evasion
HPRegen 0.50/turn    Z - +4 ring of slaying
MPRegen 0.15/turn

%: reflection
@: tree-form, studying Axes
A: stationary, stasis, torment immunity, boosted hp, (nimble swimmer 2),
(mertail)
a: Renounce Religion, Wall Jump, Serpent's Lash, Heavenly Storm


You were on level 5 of the Lair of Beasts.
You worshipped Wu Jian.
Wu Jian was extremely pleased with you.
You were a tree.
You visited 3 branches of the dungeon, and saw 18 of its levels.
You also visited: Sewer and Ice Cave.

You collected 1601 gold pieces.
You spent 420 gold pieces at shops.

Inventory:

Hand Weapons
 J - a +2 halberd of freezing
 L - a +4 heavy trident (weapon)
 R - a +5 trident of flaming
Missiles
 d - 2 throwing nets
 e - 4 javelins (quivered)
 r - 49 poisoned darts
Armour
 a - +0 steam dragon scales (melded)
 j - a +2 helmet (melded)
 u - the +2 pair of gloves "Niefrot" (melded) {rElec Will+}
   (You found it on level 4 of the Dungeon)

   rElec:     It insulates you from electricity.
   Will:      It increases your willpower.
 x - an orb of wrath
 B - a +1 cloak (melded)
 M - a +1 buckler (worn)
 N - a +1 leather armour of fire resistance
 U - a +2 pair of boots (melded)
Jewellery
 c - a +5 ring of evasion (left branch)
 H - a ring of ice
 K - a +4 ring of protection
 V - a ring of positive energy
 X - an amulet of reflection (around neck)
 Z - a +4 ring of slaying (right branch)
Wands
 b - a wand of paralysis (4)
 k - a wand of roots (15)
 t - a wand of polymorph (16)
 A - a wand of flame (23)
 I - a wand of quicksilver (9)
 O - a wand of digging (11)
 P - a wand of mindburst (11)
Scrolls
 o - 5 scrolls of immolation
 p - 2 scrolls of blinking
 q - 6 scrolls of teleportation
 v - 4 scrolls of vulnerability
 y - 4 scrolls of fog
 D - a scroll of butterflies
 G - 2 scrolls of amnesia
 Q - a scroll of enchant armour
 W - 2 scrolls of identify
Potions
 f - 4 potions of curing
 g - 3 potions of attraction
 h - 2 potions of flight
 i - 4 potions of might
 l - 4 potions of brilliance
 m - 3 potions of resistance
 n - 2 potions of haste
 s - 2 potions of invisibility
 w - 3 potions of cancellation
 z - 3 potions of heal wounds
 C - 5 potions of lignification
 E - a potion of berserk rage
Miscellaneous
 T - a phial of floods


   Skills:
 + Level 14.9 Fighting
 + Level 16.3 Polearms
 - Level 4.3 Throwing
 + Level 5.1 Armour
 - Level 10.0 Dodging
 + Level 7.3 Shields
 - Level 2.0 Spellcasting
 - Level 8.0 Hexes
 * Level 3.9 Air Magic


You had 8 spell levels left.
You knew the following spells:

 Your Spells              Type           Power      Damage    Failure   Level
a - Confusing Touch       Hex            15%        N/A       4%          3
b - Tukima's Dance        Hex            15%        N/A       4%          3
c - Swiftness             Air            8%         N/A       26%         3

Your spell library contained the following spells:

 Spells                   Type           Power      Damage    Failure   Level
 Ensorcelled Hibernation  Hex/Ice        16%        N/A       12%         2
 Static Discharge         Conj/Air       8%         2-3/arc   28%         2
 Kiss of Death            Conj/Necr      0%         2d5       38%         1
 Sting                    Tmut/Pois      0%         1d3       38%         1
 Passwall                 Tmut/Erth      0%         N/A       54%         2
 Airstrike                Air            4%         2d(1-17)  63%         4
 Fulminant Prism          Conj/Hex       4%         3d5       63%         4
 Gell's Gravitas          Tloc           0%         N/A       77%         3
 Hailstorm                Conj/Ice       0%         3d3       77%         3
 Teleport Other           Tloc           0%         N/A       77%         3
 Volatile Blastmotes      Fire/Tloc      0%         2d10      77%         3
 Summon Lightning Spire   Summ/Air       4%         N/A       88%         4
 Animate Dead             Necr           0%         N/A       99%         4
 Dispel Undead            Necr           0%         3d6       99%         4
 Ice Form                 Ice/Tmut       0%         N/A       99%         4
 Iskenderun's Mystic Bla  Conj/Tloc      0%         2d3       99%         4
 Lee's Rapid Deconstruct  Erth           0%         3d4*      100%        5
 Dispersal                Tloc           0%         N/A       100%        6
 Simulacrum               Ice/Necr       0%         N/A       100%        6
 Haunt                    Necr/Summ      0%         N/A       100%        7
 Discord                  Hex            7%         N/A       100%        8
 Infestation              Necr           0%         N/A       100%        8


Dungeon Overview and Level Annotations

Branches:
Dungeon (12/15)            Temple (1/1) D:6            Lair (5/5) D:8
  Swamp (0/4) Lair:2        Snake (0/4) Lair:2        Slime (0/5) Lair:4
    Orc (0/2) D:11          Sewer (visited)           IceCv (visited)

Altars:
Ashenzari
Cheibriados
Dithmenos
Elyvilon
Fedhas
Gozag
Hepliaklqana
Kikubaaqudgha
Makhleb
Nemelex Xobeh
Okawaru
Qazlal
Ru
Sif Muna
Trog
Uskayaw
Vehumet
Wu Jian
Xom
Yredelemnul
Zin
The Shining One
Jiyva

Shops:
D:9 :


Innate Abilities, Weirdness & Mutations

You are a tree.
Your roots penetrate the ground, keeping you stationary.
You cannot be teleported.
You are immune to unholy pain and torment.
Your maximum health is greatly increased.
Your equipment is partially melded.
((You are very nimble when in or above water. (Stealth+, EV+, Speed+++)))
((Your lower body shifts to a powerful aquatic tail in water.))


Message History

You barely miss the death yak. You hit the death yak.
The death yak is lightly wounded.
The blink frog blinks!
You block the death yak's attack.
You impale the death yak!!
The death yak is moderately wounded.
You block the death yak's attack.
You puncture the death yak!
The death yak is heavily wounded.
The blink frog blinks!
The death yak gores you.
* * * LOW HITPOINT WARNING * * *
You impale the death yak!!
The death yak is almost dead.
The death yak gores you but does no damage.
You hit the death yak.
The death yak is almost dead.
The blink frog blinks!
The death yak gores you!
* * * LOW HITPOINT WARNING * * *
Okay, then.
You feel much better.
The death yak gores you but does no damage.
You hit the death yak but do no damage.
The death yak is almost dead.
You block the death yak's attack.
You impale the death yak!!
You kill the death yak!
The Council accepts your kill.
The blink frog blinks!
You impale the death yak!!
The death yak is moderately wounded.
The death yak gores you!!
* * * LOW HITPOINT WARNING * * *
You hit the death yak.
The death yak is moderately wounded.
The death yak gores you.
* * * LOW HITPOINT WARNING * * *
You impale the death yak!!
The death yak is severely wounded.
The death yak gores you!
You die...

..........# ##............
..#.P.....### #.............
............# ##............
.......^....# #.............
...........### ###.............
.............# #..#............
...........P.#
####........P#....
...........###
#.###P......P#.... .YY......###
#♣# ##............ ..##P....##
#Y# ##......#.....
..P##.....#### #Y#
#.............
..........#..###Y#
#.......##.###
.........YY...##Y####.........#
#..............#F..#.....<.####
#PP........Y.F.............##
#####.....#.................#
#.....#...............#P#


You could see a death yak, 3 yaks and a blink frog.

Vanquished Creatures
  An ice dragon (IceCv)
  5 hydras
  A boulder beetle (Lair:2)
  A catoblepas (Lair:4)
  A two-headed ogre (D:9)
  4 death yaks
  A skyshark (Lair:2)
  Pikel (D:8)
  A manticore (D:7)
  6 elephants
  2 black mambas (Lair:5)
  2 ice statues (IceCv)
  13 cane toads
  A torpor snail (Lair:2)
  8 rime drakes
  9 komodo dragons
  4 polar bears
  A hornet (D:6)
  2 trolls (D:9)
  16 blink frogs (Lair:5)
  Sigmund (D:5)
  A shadow (D:10)
  3 wraiths
  2 wyverns
  Grum (D:8)
  3 basilisks
  42 yaks
  A steam dragon (D:10)
  3 nagas (Lair:2)
  4 swamp worms (Lair:2)
  8 water moccasins
  An acid dragon (D:11)
  Duvessa (D:5)
  2 ice beasts
  5 orc warriors
  2 black bears
  A sky beast (D:6)
  An ogre (D:5)
  12 wolves
  6 centaurs
  3 lemures (D:8)
  4 kobold brigands
  14 bullfrogs
  2 scorpions
  3 gnoll sergeants
  Dowan (D:5)
  22 killer bees
  3 lindwurm simulacra (IceCv)
  2 electric eels
  4 howler monkeys
  3 komodo dragon simulacra (IceCv)
  2 hounds
  2 jellies
  9 orc priests
  13 orc wizards
  Ijyb (D:4)
  5 iguanas
  Terence (D:2)
  8 acid dragon simulacra (IceCv)
  16 gnolls
  9 adders
  2 shadow imps
  3 white imps
  2 ufetubi
  7 steam dragon simulacra (IceCv)
  2 worms (D:3)
  5 dart slugs
  48 orcs
  19 ball pythons
  4 bats
  16 endoplasms
  9 giant cockroaches
  2 hobgoblins
  5 jackals
  24 kobolds
  18 quokkas
  9 frilled lizards
  8 goblins
  6 rats
496 creatures vanquished.

Vanquished Creatures (collateral kills)
  A gnoll sergeant (D:9)
  A gnoll (D:9)
2 creatures vanquished.

Vanquished Creatures (others)
  2 dancing weapons
  3 orc wizards
5 creatures vanquished.

Grand Total: 503 creatures vanquished

Notes
Turn   | Place    | Note
-------+----------+-------------------------------------------
     0 | D:1      | Kagerus the Merfolk Gladiator began the quest for the Orb.
     0 | D:1      | Reached XP level 1. HP: 16/16 MP: 1/1
   177 | D:1      | Reached XP level 2. HP: 18/22 MP: 2/2
   952 | D:2      | Noticed Terence
   966 | D:2      | Killed Terence
   967 | D:2      | Reached skill level 5 in Polearms
   967 | D:2      | Reached XP level 3. HP: 18/27 MP: 3/3
  1085 | D:2      | Reached XP level 4. HP: 33/33 MP: 4/4
  2110 | D:3      | Found a glowing drain.
  2114 | Sewer    | Entered a sewer
  2167 | Sewer    | Reached XP level 5. HP: 38/38 MP: 5/5
  2204 | Sewer    | Reached skill level 6 in Polearms
  2515 | Sewer    | Reached XP level 6. HP: 18/46 MP: 6/6
  2542 | Sewer    | Reached skill level 5 in Dodging
  2810 | D:3      | Learned a level 3 spell: Confusing Touch
  3403 | D:4      | Identified the +2 pair of gloves "Niefrot" {rElec Will+}
  3703 | D:4      | Noticed Ijyb
  3722 | D:4      | Killed Ijyb
  3723 | D:4      | Reached skill level 1 in Hexes
  3723 | D:4      | Reached XP level 7. HP: 30/53 MP: 7/7
  4456 | D:5      | Entered Level 5 of the Dungeon
  4773 | D:5      | Noticed Duvessa
  4773 | D:5      | Noticed Dowan
  5118 | D:5      | Noticed Sigmund
  5143 | D:5      | Killed Sigmund
  5144 | D:5      | Reached skill level 5 in Fighting
  5220 | D:5      | Reached XP level 8. HP: 46/63 MP: 8/8
  5492 | D:5      | Found a stormy altar of Qazlal.
  5545 | D:5      | Killed Duvessa
  5546 | D:5      | Reached skill level 1 in Armour
  5557 | D:5      | Killed Dowan
  5558 | D:5      | Reached skill level 7 in Polearms
  6544 | D:6      | Found a white marble altar of Elyvilon.
  6634 | D:6      | Found a staircase to the Ecumenical Temple.
  6685 | Temple   | Entered the Ecumenical Temple
  6879 | Temple   | Became a worshipper of the Wu Jian Council
  6979 | D:6      | Reached XP level 9. HP: 69/69 MP: 9/9
  7087 | D:7      | Reached skill level 8 in Polearms
  7265 | D:7      | Reached skill level 5 in Hexes
  7320 | D:7      | Noticed a hornet
  7347 | D:6      | Killed a hornet
  7796 | D:7      | Reached skill level 9 in Polearms
  7935 | D:7      | Found an ancient bone altar of Kikubaaqudgha.
  8039 | D:7      | Reached * piety under Wu Jian
  8202 | D:7      | Reached skill level 10 in Polearms
  8845 | D:8      | Noticed a manticore
  8952 | D:7      | Killed a manticore
  8953 | D:7      | Reached XP level 10. HP: 70/77 MP: 10/10
  9137 | D:8      | Noticed Pikel
  9148 | D:8      | Killed Pikel
  9155 | D:8      | Reached ** piety under Wu Jian
  9305 | D:8      | Noticed Grum
  9412 | D:8      | Reached skill level 11 in Polearms
  9502 | D:8      | Killed Grum
  9654 | D:8      | Found a glowing golden altar of the Shining One.
  9876 | D:8      | Found a staircase to the Lair.
  9976 | D:9      | Found Daredar's Book Shop.
  9981 | D:9      | Bought Sif Muna's Vellum of Inconstant Guile for 420 gold
                  | pieces
  9985 | D:9      | Learned a level 3 spell: Tukima's Dance
 10347 | D:9      | Reached XP level 11. HP: 87/87 MP: 11/11
 10584 | D:9      | Found a burning altar of Makhleb.
 11237 | D:10     | Entered Level 10 of the Dungeon
 11237 | D:10     | Noticed a two-headed ogre
 11283 | D:10     | Reached skill level 10 in Dodging
 11415 | D:10     | Reached *** piety under Wu Jian
 11626 | D:10     | Reached skill level 1 in Shields
 11974 | D:10     | Found an iron altar of Okawaru.
 12192 | D:10     | Reached skill level 10 in Fighting
 12623 | D:9      | Killed a two-headed ogre
 12624 | D:9      | Reached skill level 12 in Polearms
 12875 | D:11     | Found a staircase to the Orcish Mines.
 13307 | D:11     | Reached **** piety under Wu Jian
 13654 | D:11     | Reached skill level 13 in Polearms
 13808 | D:12     | Noticed a manticore
 13816 | D:12     | Noticed a tengu warrior
 13838 | D:12     | Noticed a white ugly thing
 13997 | Lair:1   | Entered Level 1 of the Lair of Beasts
 14478 | Lair:1   | Reached XP level 12. HP: 99/99 MP: 12/12
 14554 | Lair:1   | Reached skill level 5 in Shields
 15428 | Lair:2   | Noticed a skyshark
 15438 | Lair:2   | Killed a skyshark
 15587 | Lair:2   | Noticed a boulder beetle
 15618 | Lair:2   | Killed a boulder beetle
 15619 | Lair:2   | Reached skill level 14 in Polearms
 16129 | Lair:2   | Found a staircase to the Swamp.
 16154 | Lair:2   | Noticed a five-headed hydra
 16162 | Lair:2   | Killed a five-headed hydra
 16247 | Lair:2   | Found a staircase to the Snake Pit.
 16280 | Lair:2   | Reached XP level 13. HP: 104/111 MP: 13/13
 16650 | Lair:3   | Reached skill level 15 in Polearms
 16653 | Lair:3   | Reached ***** piety under Wu Jian
 17589 | Lair:4   | Found a viscous altar of Jiyva.
 17589 | Lair:4   | Found a staircase to the Slime Pits.
 17666 | Lair:4   | Found a frozen archway.
 17676 | IceCv    | Entered an ice cave
 18036 | IceCv    | Noticed an ice dragon
 18066 | IceCv    | Killed an ice dragon
 19133 | Lair:3   | Learned a level 3 spell: Swiftness
 19514 | Lair:5   | Entered Level 5 of the Lair of Beasts
 19583 | Lair:4   | Reached skill level 1 in Spellcasting
 19811 | Lair:5   | Reached skill level 1 in Air Magic
 20554 | Lair:5   | Reached skill level 16 in Polearms
 20729 | Lair:5   | Reached XP level 14. HP: 46/121 MP: 15/17
 20981 | Lair:5   | Reached skill level 5 in Armour
 21250 | Lair:5   | HP: 9/181 [death yak (4)]
 21251 | Lair:5   | Slain by a death yak

Illustrated notes

Levels and vault maps discovered:
D:1:      minmay_arrival_semitransparent, layout_basic, minmay_misc_feat_cross
D:2:      layout_rooms, hex_intersection, uniq_terence
D:3:      layout_basic, gup_sewer_entry_bowl
D:4:      layout_basic, minmay_quantized, uniq_ijyb
D:5:      layout_cave_pools, kennysheep_little_box, uniq_sigmund, uniq_duvessa
D:6:      hellmonk_destroyed_diamonds, layout_cave_pools,
          mainiacjoe_overflow_small_starburst, minmay_temple_entry_antechambers
D:7:      layout_layer_cave, kiku_gazebo_pond_becter
D:8:      layout_rooms, kennysheep_mini_moat, lair_entry_dummy,
          nicolae_figureground_sparkle, uniq_pikel, uniq_grum
D:9:      layout_stronghold, nicolae_overflow_hidden_temple, serial_shops, shop
D:10:     layout_loops_ring, overflow_temple_1_default,
          nicolae_fountain_basement
D:11:     layout_rooms, david_orc_3
D:12:     layout_long_grid, minmay_misc_feat_diagonals, grunt_ministairs_2
Temple:   eino_temple_rhombus
Lair:1:   layout_roguey, serial_bayou_shore_b, serial_bayou_shore_a,
          grunt_megastairs_5, infiniplex_staircase_pool_2
Lair:2:   layout_loops_ring, nicolae_swamp_entry_splash_gauntlet,
          nicolae_snake_entry_squirm
Lair:3:   layout_long_grid, beast_lair_carwin_2
Lair:4:   layout_big_grid, slime_entry_1, portal_ice_cave_entry_pillars_2,
          nicolae_lair_yak_garden, serial_bayou_shore_b
Lair:5:   evilmike_catoblepas_cave, layout_gridlike

Skill      XL: |  1  2  3  4  5  6  7  8  9 10 11 12 13 14 |
---------------+-------------------------------------------+-----
Polearms       | 5 6 7 10 11 13 14 16 | 16.3
Throwing       | 3 4 |  4.3
Fighting       | 3 5 6 8 10 13 14 | 14.9
Dodging        | 5 6 9 10 | 10.0
Hexes          | 1 2 4 6 7 8 |  8.0
Armour         | 3 4 5 |  5.1
Shields        | 4 6 7 |  7.3
Spellcasting   | 2 |  2.0
Air Magic      | 3 |  3.9

Action                     |  1- 3 |  4- 6 |  7- 9 | 10-12 | 13-15 || total
---------------------------+-------+-------+-------+-------+-------++-------
  Melee: Trident           |    80 |   361 |   384 |   815 |   504 ||  2144
         Punch             |     1 |     5 |     7 |     1 |       ||    14
         Tailslap          |       |    16 |       |     6 |     3 ||    25
         Halberd           |       |       |    63 |   167 |       ||   230
  Throw: Throwing net      |     1 |       |       |       |     1 ||     2
         Dart              |       |       |    12 |    21 |    11 ||    44
         Javelin           |       |       |       |     2 |     6 ||     8
   Cast: Confusing Touch   |       |       |     4 |    18 |     4 ||    26
         Tukima's Dance    |       |       |       |    11 |       ||    11
Ability: Whirlwind         |       |       |    19 |    91 |   112 ||   222
         Lunge             |       |       |     6 |    17 |     8 ||    31
         Wall Jump         |       |       |       |     3 |       ||     3
  Evoke: Wand              |       |       |       |     3 |     1 ||     4
    Use: Scroll            |       |    10 |     4 |    10 |     5 ||    29
         Potion            |       |     1 |       |     1 |     3 ||     5
   Stab: Sleeping          |     1 |     9 |       |     3 |       ||    13
         Distracted        |       |     1 |       |       |     1 ||     2
         Confused          |       |       |     1 |    10 |     5 ||    16
 Armour: Leather armour    |    17 |    58 |   117 |    71 |       ||   263
         Steam dragon scal |       |       |       |    97 |   115 ||   212
         Skin              |       |       |       |       |     2 ||     2
  Dodge: Dodged            |    62 |   325 |   393 |   824 |   464 ||  2068
  Block: Buckler           |       |       |       |   164 |   259 ||   423
